 Dungeon Crawl Stone Soup version 0.15.2 (webtiles) character file.

46 kae the Insei (level 3, 0/28 HPs)
             Began as a Draconian Transmuter on Dec 28, 2014.
             Slain by a giant frog (3 damage)
             ... on Level 2 of the Dungeon.
             The game lasted 00:01:22 (1844 turns).

kae the Insei (Draconian Transmuter)                Turns: 1844, Time: 00:01:22

HP   0/28        AC  5     Str 12      XL: 3   Next: 44%
MP   5/6         EV 17     Int 13      God:
Gold 85          SH  0     Dex 17      Spells:  1 memorised,  5 levels left

rFire  . . .     SeeInvis .       - Unarmed
rCold  . . .     Clarity  .     (armour unavailable)
rNeg   . . .     rCorr    .     (no shield)
rPois  .         rRot     .     (helmet restricted)
rElec  .         Spirit   .     (no cloak)
SustAb .         Warding  .     (no gloves)
rMut   .         Stasis   .     (boots unavailable)
Gourm  .                        (no amulet)
MR     .....                    (no ring)
                                (no ring)

@: agile, appendage (expiring), not resistant to hostile enchantments, fairly
stealthy
A: unfitting armour, talons 3, cold-blooded, AC +5
a: End Transformation


You were on level 2 of the Dungeon.
You were not hungry.
You had grown temporary talons.
You visited 1 branch of the dungeon, and saw 2 of its levels.

You collected 85 gold pieces.

Inventory:

Hand weapons
 r - a +1 vampiric dagger
Missiles
 b - 26 arrows
Comestibles
 a - 2 bread rations
 c - 4 fruits
 j - a meat ration
 m - a slice of pizza
 o - a beef jerky
Scrolls
 f - 3 scrolls of identify {unknown}
 g - 2 scrolls of remove curse {unknown}
 i - a scroll of blinking {unknown}
 k - a scroll of immolation {unknown}
 n - 2 scrolls of teleportation {unknown}
Potions
 e - 2 potions of agility
 h - 2 potions of cure mutation {unknown}
 p - a potion of lignification {unknown}
 q - a potion of brilliance {unknown}
 s - 2 potions of restore abilities {unknown}
 u - a potion of heal wounds {unknown}
Books
 d - a book of Changes

   Spells                             Type                      Level
   *Beastly Appendage                 Transmutation                1
   Sticks to Snakes                   Transmutation                2
   Spider Form                        Transmutation/Poison         3
   Ice Form                           Ice/Transmutation            4
   Blade Hands                        Transmutation                5


   Skills:
 - Level 1.1 Fighting
 - Level 1.7 Dodging
 * Level 4.1 Unarmed Combat
 - Level 2.0 Spellcasting
 + Level 2.6 Transmutations


You had 5 spell levels left.
You knew the following spells:

 Your Spells              Type           Power        Failure   Level  Hunger
a - Beastly Appendage     Trmt           #.....       10%         1    ##.....


Dungeon Overview and Level Annotations

Branches:
Dungeon (2/15)

Altars:
Ashenzari


Innate Abilities, Weirdness & Mutations

Your plain brown scales are hard (AC +5).
Your body does not fit into most forms of armour.
Your cold-blooded metabolism reacts poorly to cold.
You have claws for feet.


Message History

The giant frog misses you.
You barely miss the giant frog.
The giant frog is almost dead.
The giant frog closely misses you.
You closely miss the giant frog.
The giant frog is almost dead.
The giant frog barely misses you. The giant frog hits you!
* * * LOW HITPOINT WARNING * * *
You are too injured to fight recklessly!
You are too injured to fight recklessly!
You are too injured to fight recklessly!
You are too injured to fight recklessly!
You are too injured to fight recklessly!
You closely miss the giant frog. You tail-slap the giant frog.
The giant frog is almost dead.
The giant frog barely misses you.
Drink which item? (? for menu, Esc to quit)
You feel agile all of a sudden.
It was a potion of agility.
The giant frog misses you. The giant frog hits you.
You die...

#.##...##≈≈%..≈≈≈## #.....#>#
#.##.##.####''#### #.#...##.
#.##.##.##.#...# #.#.#.#.# #
#....).....#...# #.##..##.
######.##<######.# #.....#.#
.......##.# #r# ####...##
.########.# #5# #.####
.......##.# #F# ####.###.
.#####.##.# #@# #........ .#
#.##.# #.# #.##.##.. .# #.##.#
#.# #.##.##.. .# #.##.## #.#
#........ .#####.#...#####.##
##.##.##.#
..................######...#.##.#
######.#...#####................#
#.##.## #.#######...###### #.##.#
#..........##


You could see a giant frog, a crimson imp and a quokka.

Vanquished Creatures
  Ijyb (D:2)
  2 ball pythons (D:1)
  A giant cockroach (D:1)
  3 goblins
  3 hobgoblins (D:2)
  3 bats
  A giant gecko (D:1)
  5 giant newts
  3 jackals (D:1)
  2 kobolds (D:2)
  7 rats
31 creatures vanquished.

Notes
Turn   | Place    | Note
--------------------------------------------------------------
     0 | D:1      | kae, the Draconian Transmuter, began the quest for the Orb.
     0 | D:1      | Reached XP level 1. HP: 16/16 MP: 3/3
   459 | D:1      | Reached XP level 2. HP: 21/23 MP: 4/4
  1006 | D:2      | Noticed Ijyb
  1405 | D:2      | Found a shattered altar of Ashenzari.
  1570 | D:2      | Killed Ijyb
  1570 | D:2      | Reached skill level 4 in Unarmed Combat
  1570 | D:2      | Reached XP level 3. HP: 20/28 MP: 6/6
  1815 | D:2      | Noticed a giant frog
  1844 | D:2      | Slain by a giant frog

Action                   || total
-------------------------++-------
Melee: Unarmed           ||   132
 Cast: Beastly Appendage ||     8
  Use: Potion            ||     1
  Eat: Chunk             ||     3
